Map: Frost LE

Players

IIIIIIIIIIII (State)

  • Race: Protoss Protoss
  • League: Grandmaster

Glow - Winner!

  • Race: Protoss Protoss
  • League: Grandmaster

VOD

Have the link to the VOD?

Description

Time

  • Played on: Aug. 4, 2016, 1:40 a.m.
  • Length: 8:03
Show
View Real Time Build Order
Export as new Build Order

IIIIIIIIIIII Protoss 

Build Orders:  

Get SALT Encoding   

  12  0:01  Probe (Chrono Boost)  
  13  0:11  Probe (Chrono Boost)  
  14  0:17  Pylon  
  14  0:22  Probe (Chrono Boost)  
  16  0:35  Probe (Chrono Boost)  
  16  0:36  Gateway  
  16  0:45  Assimilator  
  16  0:46  Probe (Chrono Boost)  
  17  0:51  Assimilator  
  17  0:56  Probe (Chrono Boost)  
  18  1:04  Gateway  
  18  1:07  Probe (Chrono Boost)  
  19  1:18  Probe (Chrono Boost)  
  20  1:25  Cybernetics Core  
  20  1:28  Probe (Chrono Boost)  
  21  1:34  Pylon  
  21  1:39  Probe (Chrono Boost)  
  22  1:47  Warp Gate  
  22  1:49  Probe (Chrono Boost)  
  23  2:01  Adept  
  23  2:02  Adept  
  23  2:06  Mothership Core (Chrono Boost)  
  29  2:18  Pylon  
  29  2:26  Probe (Chrono Boost)  
  30  2:36  Adept x2  
  33  2:47  Probe (Chrono Boost)  
  34  2:57  Nexus  
  35  3:06  Probe (Chrono Boost)  
  35  3:11  Pylon  
  35  3:18  Probe (Chrono Boost)  
  33  3:30  Probe (Chrono Boost)  
  33  3:33  Robotics Facility  
  35  3:42  Probe (Chrono Boost)  
  35  3:51  Twilight Council  
  35  3:52  Probe (Chrono Boost)  
  33  4:02  Sentry x2  
  35  4:03  Probe (Chrono Boost)  
  38  4:11  Probe (Chrono Boost)  
  38  4:13  Probe (Chrono Boost)  
  37  4:21  Probe (Chrono Boost)  
  33  4:26  Probe (Chrono Boost)  
  33  4:30  Observer  
  31  4:34  Probe (Chrono Boost)  
  31  4:38  Probe (Chrono Boost)  
  31  4:40  Sentry  
  31  4:43  Stalker  
  31  4:45  Probe (Chrono Boost)  
  34  4:49  Probe (Chrono Boost)  
  32  4:56  Probe (Chrono Boost)  
  34  5:00  Probe (Chrono Boost)  
  34  5:05  Sentry  
  37  5:07  Observer  
  37  5:08  Probe (Chrono Boost)  
  37  5:10  Probe (Chrono Boost)  
  39  5:17  Stalker  
  39  5:20  Probe (Chrono Boost)  
  39  5:21  Probe (Chrono Boost)  
  43  5:32  Stalker, Probe (Chrono Boost)  
  37  5:36  Probe (Chrono Boost)  
  36  5:45  Probe (Chrono Boost)  
  36  5:46  Probe (Chrono Boost), Warp Prism  
  38  5:55  Sentry x2  
  45  5:57  Probe (Chrono Boost)  
  45  5:58  Probe (Chrono Boost)  
  46  6:08  Gateway  
  46  6:12  Gateway  
  46  6:21  Sentry  
  46  6:23  Sentry  
  50  6:29  Pylon  
  50  6:31  Gateway  
  51  6:33  Probe (Chrono Boost)  
  51  6:35  Probe (Chrono Boost)  
  52  6:53  Stalker x2  
  56  6:56  Probe x2 (Chrono Boost)  
  56  6:57  Pylon  
  57  7:19  Stalker x4  
  57  7:40  Adept x2, Probe x2 (Chrono Boost)  
  63  7:47  Adept x2  
  59  7:59  Adept x2  
Show
View Real Time Build Order
Export as new Build Order

Glow Protoss - Winner!

Build Orders: Oracle Opening 

Get SALT Encoding   

  12  0:01  Probe (Chrono Boost)  
  13  0:11  Probe (Chrono Boost)  
  14  0:17  Pylon  
  14  0:22  Probe (Chrono Boost)  
  15  0:35  Probe (Chrono Boost)  
  16  0:36  Gateway  
  16  0:45  Probe (Chrono Boost)  
  16  0:47  Assimilator  
  17  0:50  Assimilator  
  17  0:56  Probe (Chrono Boost)  
  18  1:03  Gateway  
  18  1:07  Probe (Chrono Boost)  
  19  1:17  Probe (Chrono Boost)  
  20  1:24  Cybernetics Core  
  20  1:28  Probe (Chrono Boost)  
  21  1:35  Pylon  
  21  1:38  Probe (Chrono Boost)  
  22  1:49  Probe (Chrono Boost)  
  23  1:59  Warp Gate  
  23  2:01  Adept x2  
  25  2:06  Mothership Core (Chrono Boost)  
  29  2:15  Pylon  
  29  2:24  Stargate  
  29  2:39  Adept x2  
  33  2:49  Probe (Chrono Boost)  
  34  2:51  Pylon  
  34  3:00  Probe (Chrono Boost)  
  34  3:03  Oracle  
  35  3:12  Probe (Chrono Boost)  
  37  3:34  Oracle  
  35  3:37  Nexus  
  34  4:02  Stalker x2  
  36  4:25  Oracle  
  40  4:31  Probe (Chrono Boost)  
  40  4:43  Probe (Chrono Boost)  
  41  4:53  Probe (Chrono Boost)  
  41  4:55  Probe (Chrono Boost)  
  43  5:01  Robotics Facility  
  43  5:04  Probe (Chrono Boost)  
  45  5:07  Probe (Chrono Boost)  
  45  5:13  Gateway  
  45  5:14  Gateway, Probe (Chrono Boost)  
  45  5:17  Probe (Chrono Boost)  
  45  5:18  Assimilator  
  47  5:25  Probe (Chrono Boost)  
  47  5:28  Probe (Chrono Boost)  
  46  5:38  Probe (Chrono Boost)  
  46  5:41  Probe (Chrono Boost)  
  45  5:48  Immortal  
  45  5:49  Probe (Chrono Boost)  
  46  5:51  Probe (Chrono Boost)  
  46  5:53  Robotics Bay  
  46  5:56  Pylon  
  51  6:01  Probe (Chrono Boost)  
  51  6:02  Probe (Chrono Boost)  
  53  6:09  Pylon  
  53  6:12  Probe (Chrono Boost)  
  53  6:13  Probe (Chrono Boost)  
  55  6:25  Observer  
  55  6:26  Gateway  
  55  6:27  Gateway, Probe (Chrono Boost)  
  55  6:28  Probe (Chrono Boost)  
  55  6:29  Sentry  
  55  6:31  Twilight Council  
  55  6:32  Assimilator  
  60  6:37  Probe (Chrono Boost)  
  62  6:40  Probe (Chrono Boost)  
  62  6:52  Disruptor  
  59  6:55  Probe (Chrono Boost)  
  59  6:57  Probe (Chrono Boost)  
  59  6:58  Gravitic Drive  
  64  7:03  Gateway  
  64  7:04  Gateway  
  64  7:25  Adept x5  
  70  7:36  Pylon  
  70  7:42  Pylon  
  70  8:02  Adept x3  
  70  8:03  Adept x2  
Tags
 
Add a new tag
Caveats
  • Supply blocks, unpowered buildings, or Contaminate may cause inaccurate times.
  • Supply counts are checked every 10 seconds.